[Event "Titled Tuesday Blitz April 4 Early 2023"]
[White "Lach, Aleksandra"]
[Black "Dobre, Claudiu-Cristian"]
[WhiteFideId "1134299"]
[BlackFideId "1211854"]
[WhiteElo "2111"]
[BlackElo "2207"]
[Result "0-1"]
[Round "05"]
[TimeControl "180+2"]
[Date "2023.04.04"]
[WhiteClock "0:00:04"]
[BlackClock "0:00:10"]

1. e4 Nc6 2. Nc3 e5 3. Bc4 Nf6 4. d3 Na5 5. Bb3 Bc5 6. Nf3 d6 7. O-O O-O 8. Bg5 c6 9. d4 Nxb3 10. axb3 exd4 11. Nxd4 h6 12. Bh4 Bg4 13. Qd3 Re8 14. Rae1 Qe7 15. Kh1 Qe5 16. Nf3 Bxf3 17. Qxf3 Bd4 18. Bg3 Qe6 19. Kg1 Bxc3 20. Qxc3 Nxe4 21. Qb4 Qg6 22. Qxb7 d5 23. Bf4 Qf5 24. g3 Qc8 25. Qxc8 Raxc8 26. Ra1 Re7 27. Rfe1 Rce8 28. Kg2 g5 29. Be3 c5 30. c3 Rd7 31. Red1 Red8 32. f3 d4 33. cxd4 cxd4 34. fxe4 dxe3 35. Rxd7 Rxd7 36. Kf3 Rb7 37. Ra3 Kg7 38. Kxe3 Kf6 39. Kd4 Ke7 40. Kc4 Rc7+ 41. Kb5 Rd7 42. b4 Ke6 43. Ra6+ Ke5 44. Rxh6 Kxe4 45. Rf6 Ke5 46. Rf2 f5 47. Kc5 f4 48. gxf4+ gxf4 49. b5 Ke4 50. Kc6 Rh7 51. b6 Rh6+ 52. Kb7 axb6 53. b4 Ke3 54. Rf1 f3 55. b5 Ke2 56. Ra1 f2 57. h4 f1=Q 58. Rxf1 Kxf1 59. h5 Ke2 60. Kc7 Kd3 0-1


[Site "https://www.chess.com"]

[Event "Titled Tuesday Blitz April 4 Early 2023"]
[White "Turzo, Attila"]
[Black "Kielinkei"]
[WhiteFideId "704954"]
[WhiteElo "2522"]
[BlackElo "2418"]
[Result "1-0"]
[Round "05"]
[TimeControl "180+2"]
[Date "2023.04.04"]
[WhiteClock "0:00:20"]
[BlackClock "0:00:06"]

1. e4 c5 2. Nc3 a6 3. g3 b5 4. Bg2 Bb7 5. d3 e6 6. Nh3 Nf6 7. O-O Be7 8. f4 d5 9. f5 dxe4 10. fxe6 fxe6 11. Ng5 Qb6 12. Ncxe4 O-O 13. Nxf6+ Bxf6 14. Bxb7 Bd4+ 15. Kg2 Qxb7+ 16. Ne4 Nd7 17. c3 Rxf1 18. Qxf1 Rf8 19. Qe2 Be5 20. Kg1 Qc6 21. Bd2 Nf6 22. Nxf6+ Bxf6 23. Re1 Re8 24. b3 Qd5 25. c4 Qd7 26. Be3 Bd4 27. Bxd4 Qxd4+ 28. Qe3 Qd6 29. Rf1 Rf8 30. Rxf8+ Kxf8 31. Qf3+ Kg8 32. Qe4 b4 33. Kg2 Kf7 34. Kf3 Kg8 35. Ke3 Kf7 36. d4 cxd4+ 37. Qxd4 Qxd4+ 38. Kxd4 Ke7 39. Ke5 Kd7 40. g4 h6 41. h4 Ke7 42. g5 hxg5 43. hxg5 g6 44. c5 Kd7 45. Kf6 Kc6 46. Kxe6 Kxc5 47. Kf6 a5 48. Kxg6 Kd4 49. Kf6 Kc3 50. g6 Kb2 51. g7 Kxa2 52. g8=Q a4 53. bxa4+ b3 54. Qxb3+ Kxb3 55. a5 1-0


[Site "https://www.chess.com"]

[Event "Titled Tuesday Blitz April 4 Early 2023"]
[White "Ibadov, Dashgyn"]
[Black "Tarasova, Viktoriya"]
[WhiteFideId "24107514"]
[BlackFideId "4175840"]
[WhiteElo "2208"]
[BlackElo "2182"]
[Result "1-0"]
[Round "05"]
[TimeControl "180+2"]
[Date "2023.04.04"]
[WhiteClock "0:00:04"]
[BlackClock "0:00:05"]

1. e4 e5 2. Nf3 Nc6 3. d4 exd4 4. Nxd4 Nf6 5. Nxc6 bxc6 6. e5 Qe7 7. Qe2 Nd5 8. c4 Nb6 9. Nd2 Qe6 10. b3 a5 11. Bb2 a4 12. Qe3 Bb4 13. Bd3 O-O 14. O-O d5 15. Nf3 h6 16. c5 Nd7 17. Bd4 a3 18. Rac1 Ba6 19. Bxa6 Rxa6 20. Qd3 Ra5 21. Qe3 Qe7 22. Rc2 Rb8 23. g3 Rbb5 24. Rfc1 Bxc5 25. b4 Bxb4 26. Rxc6 Nc5 27. Rd6 cxd6 28. Nh4 dxe5 29. Bxe5 f6 30. Nf5 Qxe5 31. Qf3 Qe4 32. Qh5 Qe6 33. Qg6 Ra7 34. Nxh6+ Kf8 35. Qh7 Bd2 36. Qh8+ Ke7 37. Qxg7+ Kd6 38. Qxa7 Bxc1 39. Nf7+ Kc6 40. Nd8+ Kd6 41. Nxe6 Nxe6 42. Qa6+ Kc5 43. Qxe6 Rb1 44. Kg2 Bb2 45. Qc8+ Kd4 46. h4 Rc1 47. Qb7 Rc4 48. h5 f5 49. h6 Kd3 50. h7 Bd4 51. Qb3+ Ke4 52. Qxa3 Rc3 53. Qe7+ Kd3 54. Qf8 Rc2 55. h8=Q Rxf2+ 56. Kh3 Bxh8 57. Qxh8 Rf1 58. Kg2 Rd1 59. Qe5 Rd2+ 60. Kf3 Rxa2 61. Qxd5+ Kc3 62. Qxa2 Kd4 63. Kf4 Kc5 64. Kxf5 1-0


[Site "https://www.chess.com"]

[Event "Titled Tuesday Blitz April 4 Early 2023"]
[White "Weishaeutel, Moritz"]
[Black "Melikhov, Evgeny V."]
[WhiteFideId "12967300"]
[BlackFideId "4122046"]
[WhiteElo "2301"]
[BlackElo "2158"]
[Result "1-0"]
[Round "05"]
[TimeControl "180+2"]
[Date "2023.04.04"]
[WhiteClock "0:01:49"]
[BlackClock "0:00:32"]

1. d4 Nf6 2. Nf3 d5 3. e3 c5 4. c3 e6 5. Nbd2 Nc6 6. Bd3 Bd6 7. O-O O-O 8. b4 cxb4 9. c4 dxc4 10. Nxc4 Be7 11. e4 Nxd4 12. Nxd4 Qxd4 13. Bb2 Qc5 14. Qe2 Qh5 15. Qe3 Ng4 16. Qg3 Bf6 17. h3 Bxb2 18. hxg4 Qg5 19. Nxb2 e5 20. Nc4 f6 21. Ne3 Be6 22. Bc4 Bxc4 23. Nxc4 Rfd8 24. Rad1 b5 25. Nd6 1-0


[Site "https://www.chess.com"]

[Event "Titled Tuesday Blitz April 4 Early 2023"]
[White "Avazkhonov, Alikhon"]
[Black "Padmini, Rout"]
[WhiteFideId "14208504"]
[BlackFideId "5029295"]
[WhiteElo "1739"]
[BlackElo "2314"]
[Result "1-0"]
[Round "05"]
[TimeControl "180+2"]
[Date "2023.04.04"]
[WhiteClock "0:00:11"]
[BlackClock "0:00:13"]

1. d4 Nf6 2. c4 e6 3. Nc3 Bb4 4. e3 O-O 5. Bd2 d5 6. Nf3 Nc6 7. a3 Bxc3 8. Bxc3 Ne4 9. Rc1 Nxc3 10. Rxc3 Re8 11. Bd3 e5 12. dxe5 Nxe5 13. cxd5 Bg4 14. Be2 Bf5 15. O-O Be4 16. Nxe5 Rxe5 17. Qd4 Qg5 18. f3 Bxd5 19. h4 Qg3 20. e4 Bc6 21. Qf2 Qxf2+ 22. Kxf2 Rd8 23. Ke3 Kf8 24. Rd1 Rxd1 25. Bxd1 f5 26. Bc2 fxe4 27. Bxe4 Ke7 28. Kd4 Re6 29. Bxc6 bxc6 30. Re3 Rxe3 31. Kxe3 c5 32. Kd3 Kd6 33. Kc4 c6 34. f4 h5 35. f5 a6 36. b3 a5 37. a4 Kd7 38. Kxc5 Kc7 39. g3 Kb7 40. Kd6 Kb6 41. Ke7 Kc5 42. Kf7 Kb4 43. Kxg7 Kxb3 44. f6 c5 45. f7 c4 46. f8=Q c3 47. Qf7+ Kb2 48. Qxh5 c2 49. Qb5+ 1-0


[Site "https://www.chess.com"]

[Event "Titled Tuesday Blitz April 4 Early 2023"]
[White "Shuvalov, Evgenij"]
[Black "Manon-og, Ramon Jr."]
[WhiteFideId "4187237"]
[BlackFideId "5200776"]
[WhiteElo "2080"]
[BlackElo "2375"]
[Result "0-1"]
[Round "05"]
[TimeControl "180+2"]
[Date "2023.04.04"]
[WhiteClock "0:00:55"]
[BlackClock "0:00:36"]

1. d4 Nf6 2. c4 g6 3. Nc3 d5 4. cxd5 Nxd5 5. e4 Nxc3 6. bxc3 c5 7. Nf3 Bg7 8. Rb1 O-O 9. Be2 cxd4 10. cxd4 Qa5+ 11. Bd2 Qxa2 12. O-O Nc6 13. d5 Nd4 14. Nxd4 Bxd4 15. Bb4 Bf6 16. f4 Rd8 17. Bf3 e6 18. e5 Bg7 19. Be7 Rxd5 20. Bxd5 exd5 21. Rb5 Be6 22. Rxb7 a5 23. Qa1 Qd2 24. Qa4 d4 25. Rbb1 Bh6 26. Rf2 Qe3 27. Rf1 Bxf4 28. Bc5 Bxe5 29. Qc6 Rc8 30. Qb6 a4 31. Qa7 Bc4 32. Ra1 Bxh2+ 33. Kxh2 Qxf2 34. Bxd4 Qh4+ 35. Kg1 Bb3 36. Qa5 Qxd4+ 37. Kh2 Qxa1 0-1


[Site "https://www.chess.com"]

[Event "Titled Tuesday Blitz April 4 Early 2023"]
[White "HamedWafa4"]
[Black "Jovic, Stanoje"]
[BlackFideId "905020"]
[WhiteElo "2362"]
[BlackElo "2236"]
[Result "1-0"]
[Round "05"]
[TimeControl "180+2"]
[Date "2023.04.04"]
[WhiteClock "0:01:03"]
[BlackClock "0:00:10"]

1. e4 c6 2. d4 d5 3. e5 c5 4. Nf3 Nc6 5. c4 Bg4 6. cxd5 Bxf3 7. Qxf3 Nxd4 8. Qd1 Qxd5 9. Bb5+ Kd8 10. O-O Qxe5 11. Re1 Qd6 12. Bc4 e6 13. Nc3 Nf6 14. Bg5 Kc7 15. Bh4 Nd7 16. Bg3 e5 17. Bxf7 Be7 18. Nd5+ Kb8 19. b4 Bf6 20. bxc5 Qxc5 21. Rc1 Qd6 22. Qxd4 Rf8 23. Nxf6 Qxf6 24. Qxd7 1-0


[Site "https://www.chess.com"]

[Event "Titled Tuesday Blitz April 4 Early 2023"]
[White "Bruedigam, Martin"]
[Black "Romero Ruscalleda, Josep"]
[WhiteFideId "24608033"]
[BlackFideId "2231859"]
[WhiteElo "2331"]
[BlackElo "2183"]
[Result "1-0"]
[Round "05"]
[TimeControl "180+2"]
[Date "2023.04.04"]
[WhiteClock "0:00:16"]
[BlackClock "0:00:05"]

1. d4 g6 2. e4 Bg7 3. Nf3 d6 4. Bc4 Nf6 5. Qe2 O-O 6. e5 dxe5 7. dxe5 Nd5 8. O-O c6 9. h3 Be6 10. Bb3 Nd7 11. Re1 Nc5 12. Bg5 Nxb3 13. axb3 Nc7 14. Nbd2 f6 15. Bf4 Nd5 16. Bg3 f5 17. c3 h6 18. Nd4 Qd7 19. f4 c5 20. Nxe6 Qxe6 21. Qc4 b6 22. Ra6 Rfd8 23. Rea1 Nc7 24. Qxe6+ Nxe6 25. Nc4 Rab8 26. Rxa7 Rd3 27. Rxe7 Nd8 28. Bf2 g5 29. Raa7 Bf8 30. Red7 Rxd7 31. Rxd7 gxf4 32. Nxb6 Ne6 33. Nd5 Bg7 34. Re7 Ng5 35. Bxc5 Rxb3 36. Ba3 Rb5 37. c4 Rb3 38. Nf6+ Bxf6 39. exf6 f3 40. Rg7+ Kh8 41. f7 Nxf7 42. Rxf7 fxg2 43. Kxg2 Rd3 44. Rxf5 Rd2+ 45. Kg3 Kg7 46. Rf3 1-0


[Site "https://www.chess.com"]

[Event "Titled Tuesday Blitz April 4 Early 2023"]
[White "Fernandez Siles, Luis"]
[Black "Krsnik Cohar, Ivan Vihor"]
[WhiteFideId "2209420"]
[BlackFideId "14520044"]
[WhiteElo "2195"]
[BlackElo "2414"]
[Result "1/2-1/2"]
[Round "05"]
[TimeControl "180+2"]
[Date "2023.04.04"]
[WhiteClock "0:00:08"]
[BlackClock "0:00:06"]

1. d4 Nf6 2. c4 e6 3. Nc3 Bb4 4. e3 b6 5. Ne2 O-O 6. a3 Be7 7. e4 d6 8. g3 Bb7 9. Bg2 a5 10. O-O e5 11. Nd5 c6 12. Nxe7+ Qxe7 13. d5 Ba6 14. b3 a4 15. Nc3 axb3 16. Qxb3 Qc7 17. Bg5 Nbd7 18. dxc6 Qxc6 19. Nb5 Nxe4 20. Be7 Ndc5 21. Qe3 Rfe8 22. Nxd6 Rxe7 23. Nxe4 Rc8 24. Ng5 Qh6 25. Bd5 Kf8 26. f4 exf4 27. Qxf4 f6 28. Rae1 Rce8 29. Qd6 Qxg5 30. Rxe7 Rxe7 31. Qd8+ Re8 32. Qd6+ Re7 33. Qd8+ Re8 34. Qd6+ Re7 1/2-1/2


[Site "https://www.chess.com"]

[Event "Titled Tuesday Blitz April 4 Early 2023"]
[White "Arat, Ufuk Sezen"]
[Black "TheKnightOfBosnia"]
[WhiteFideId "6309089"]
[WhiteElo "2289"]
[BlackElo "2483"]
[Result "0-1"]
[Round "05"]
[TimeControl "180+2"]
[Date "2023.04.04"]
[WhiteClock "0:00:11"]
[BlackClock "0:00:08"]

1. e4 e5 2. Nf3 Nc6 3. c3 Nf6 4. d4 d5 5. Bb5 exd4 6. e5 Nd7 7. cxd4 Bb4+ 8. Nc3 Ne7 9. Bd3 c5 10. O-O cxd4 11. Nxd4 Bxc3 12. bxc3 Nxe5 13. Bb5+ Bd7 14. Re1 N5g6 15. Ba3 O-O 16. Bxd7 Qxd7 17. h4 Rfe8 18. h5 Nf8 19. Rxe7 Rxe7 20. Bxe7 Qxe7 21. Nf5 Qe5 22. Qxd5 Qxc3 23. Rd1 Re8 24. Rd3 Qa1+ 25. Kh2 Qe5+ 26. Qxe5 Rxe5 27. g4 g6 28. Ng3 Kg7 29. Rd8 b6 30. h6+ Kg8 31. f4 Ra5 32. Ne4 Rxa2+ 33. Kh3 f5 34. gxf5 gxf5 35. Ng5 Re2 36. Ra8 Re7 37. Kg3 b5 38. Rb8 a6 39. Rb6 Ra7 40. Rb8 Re7 41. Rb6 Ra7 42. Kh4 Nd7 43. Re6 Kf8 44. Rd6 Ke7 45. Re6+ Kd8 46. Nf3 Nf8 47. Rd6+ Ke7 48. Rb6 Ne6 49. Ng5 Nxg5 50. Kxg5 a5 51. Kxf5 a4 52. Rxb5 a3 53. Rb1 a2 54. Ra1 Ra5+ 55. Kg4 Kf6 56. Kg3 Kf5 57. Kf3 Ra3+ 58. Kf2 Kxf4 59. Kg2 Kg5 60. Kh2 Kxh6 61. Kg2 Kg5 62. Kh2 Kf4 63. Kg2 Ke4 64. Kf2 Kd3 65. Ke1 Kc2 0-1


[Site "https://www.chess.com"]

[Event "Titled Tuesday Blitz April 4 Early 2023"]
[White "Fajdetic, Hrvoje"]
[Black "Miszler, Levente"]
[WhiteFideId "14501945"]
[BlackFideId "763276"]
[WhiteElo "2185"]
[BlackElo "2176"]
[Result "0-1"]
[Round "05"]
[TimeControl "180+2"]
[Date "2023.04.04"]
[WhiteClock "0:00:05"]
[BlackClock "0:00:24"]

1. f4 Nf6 2. Nf3 c5 3. d3 Nc6 4. e4 d5 5. e5 Nd7 6. c3 e6 7. d4 f6 8. Bd3 Be7 9. O-O O-O 10. g3 Qb6 11. Kg2 f5 12. Bc2 Qc7 13. h4 b5 14. Ng5 Bxg5 15. hxg5 g6 16. Rh1 Rf7 17. g4 cxd4 18. cxd4 Nxd4 19. Bd3 fxg4 20. Qxg4 Nc5 21. Bxg6 hxg6 22. Rh6 Nf5 23. Rxg6+ Rg7 24. Rxg7+ Kxg7 25. Nc3 Nd3 26. Bd2 Qc4 27. Rh1 Qd4 28. Qf3 Bb7 29. Nxb5 Qxb2 30. Qxd3 Ba6 31. a4 Rc8 32. Kf3 Rc2 33. Be3 d4 34. Bg1 Bb7+ 35. Kg4 Rg2+ 36. Kh5 Rxg1 37. Nd6 Rxh1+ 38. Kg4 Qg2+ 0-1


[Site "https://www.chess.com"]

[Event "Titled Tuesday Blitz April 4 Early 2023"]
[White "Aponte Ramos, Argimiro"]
[Black "Baches Garcia, Guillermo"]
[WhiteFideId "3900568"]
[BlackFideId "2209764"]
[WhiteElo "2216"]
[BlackElo "2473"]
[Result "1-0"]
[Round "05"]
[TimeControl "180+2"]
[Date "2023.04.04"]
[WhiteClock "0:00:16"]
[BlackClock "0:00:01"]

1. a3 d5 2. b4 Nf6 3. Bb2 g6 4. Nf3 Bg7 5. e3 O-O 6. c4 a5 7. Nc3 axb4 8. axb4 Rxa1 9. Bxa1 dxc4 10. Bxc4 Nc6 11. b5 Na5 12. Be2 b6 13. O-O Bb7 14. Ne5 Nd5 15. Nxd5 Qxd5 16. Bf3 Qxb5 17. Bxb7 Bxe5 18. Bf3 Bxa1 19. Qxa1 Rd8 20. d4 e6 21. Rc1 c5 22. dxc5 bxc5 23. Qf6 Rc8 24. h4 Nb3 25. h5 gxh5 26. Bxh5 Rc7 27. Qd8+ Kg7 28. Qxc7 Nxc1 29. Qxf7+ Kh6 30. Bf3 Qb1 31. Qxe6+ Qg6 32. Qd5 Nd3 33. Be4 Nb4 34. Qe5 1-0


[Site "https://www.chess.com"]

[Event "Titled Tuesday Blitz April 4 Early 2023"]
[White "Kornyukov, Alexey"]
[Black "Goltseva, Ekaterina"]
[WhiteFideId "4150457"]
[BlackFideId "24173770"]
[WhiteElo "2352"]
[BlackElo "2200"]
[Result "0-1"]
[Round "05"]
[TimeControl "180+2"]
[Date "2023.04.04"]
[WhiteClock "0:00:20"]
[BlackClock "0:00:10"]

1. e4 e6 2. d4 d5 3. exd5 exd5 4. c4 dxc4 5. Bxc4 Bd6 6. Nf3 Nf6 7. Bg5 O-O 8. O-O Bg4 9. Nc3 c6 10. h3 Bh5 11. Ne4 Be7 12. Ng3 Bg6 13. Ne5 Nd5 14. Bxe7 Qxe7 15. f4 Ne3 16. Qe2 Nxf1 17. Qxf1 Bc2 18. Re1 Qd6 19. Nxf7 Qxd4+ 20. Kh2 Nd7 21. Ng5+ Kh8 22. Ne6 Qd6 23. Nxf8 Rxf8 24. f5 Bxf5 25. Rd1 Qc7 26. Qe2 Nb6 27. Bd3 Bxd3 28. Qxd3 Nd5 29. Kh1 h6 30. Ne4 Qf4 31. Nc5 Ne3 32. Re1 Nxg2 33. Ne6 Nxe1 34. Nxf4 Nxd3 35. Nxd3 Rf3 36. Nc5 Rxh3+ 37. Kg2 Re3 38. Nxb7 Re2+ 39. Kf3 Rxb2 40. Nc5 Rxa2 41. Nd7 a5 42. Ne5 a4 43. Ng6+ Kh7 44. Nf8+ Kg8 45. Ng6 a3 46. Ne7+ Kh7 47. Nf5 Ra1 48. Ne7 a2 49. Ng6 Rf1+ 50. Kg2 a1=Q 51. Nf8+ Kg8 52. Nh7 Qe1 53. Nf6+ gxf6 54. Kh2 Qf2+ 55. Kh3 Qf3+ 56. Kh2 Rh1# 0-1


[Site "https://www.chess.com"]

[Event "Titled Tuesday Blitz April 4 Early 2023"]
[White "WindWhistler11"]
[Black "Matute Escobar, Roxanny"]
[BlackFideId "3926028"]
[WhiteElo "2465"]
[BlackElo "1844"]
[Result "1-0"]
[Round "05"]
[TimeControl "180+2"]
[Date "2023.04.04"]
[WhiteClock "0:00:17"]
[BlackClock "0:00:07"]

1. Nf3 Nf6 2. g3 g6 3. c4 Bg7 4. Bg2 O-O 5. O-O c6 6. d3 d5 7. Qc2 Nbd7 8. Nc3 e5 9. cxd5 cxd5 10. b3 Qe7 11. Nb5 e4 12. Ba3 Qd8 13. Nfd4 exd3 14. exd3 Nb6 15. Bxf8 Qxf8 16. Rac1 Bd7 17. Nc3 Rc8 18. Qd2 Qb4 19. Nde2 a5 20. Nb1 Qe7 21. Qxa5 Qxe2 22. Qxb6 Re8 23. Qxb7 Bf5 24. Nc3 Qxd3 25. Nxd5 Ng4 26. Ne7+ Kh8 27. Nxf5 Qxf5 28. Qc6 Ra8 29. Qxa8+ 1-0


[Site "https://www.chess.com"]

[Event "Titled Tuesday Blitz April 4 Early 2023"]
[White "Pirvulescu, Ekaterina"]
[Black "Kaczur, Florian"]
[WhiteFideId "13506374"]
[BlackFideId "705098"]
[WhiteElo "2006"]
[BlackElo "2485"]
[Result "0-1"]
[Round "05"]
[TimeControl "180+2"]
[Date "2023.04.04"]
[WhiteClock "0:01:10"]
[BlackClock "0:00:42"]

1. e4 c6 2. d4 d5 3. Nc3 dxe4 4. Nxe4 Nd7 5. Nf3 Ngf6 6. Nxf6+ Nxf6 7. c3 Bf5 8. Be2 e6 9. O-O Bd6 10. h3 Qc7 11. Bg5 h6 12. Be3 Nd5 13. Qd2 O-O-O 14. b4 e5 15. c4 Bxb4 16. Qb2 Bc3 17. Qa3 Nxe3 18. fxe3 Bxa1 19. Rxa1 exd4 20. Nxd4 Qe5 21. Nxf5 Qxa1+ 22. Kf2 Qf6 23. Kg1 Kb8 24. Nd4 Rxd4 25. exd4 Qxd4+ 26. Kh1 Re8 27. Bf3 Re1+ 28. Kh2 Qf4+ 29. g3 Qd2+ 30. Bg2 Re2 31. Qf8+ Kc7 32. Qxf7+ Kb6 33. c5+ Kxc5 34. Qf8+ Kb6 35. Qf3 Rxg2+ 36. Qxg2 Qxg2+ 37. Kxg2 Kc5 0-1


[Site "https://www.chess.com"]

[Event "Titled Tuesday Blitz April 4 Early 2023"]
[White "krucki03"]
[Black "Bolourchifard, Farzad"]
[BlackFideId "12510084"]
[WhiteElo "2385"]
[BlackElo "2317"]
[Result "1-0"]
[Round "05"]
[TimeControl "180+2"]
[Date "2023.04.04"]
[WhiteClock "0:00:30"]
[BlackClock "0:00:10"]

1. e4 e5 2. Nf3 Nc6 3. Nc3 Nf6 4. a3 g6 5. Bc4 Bg7 6. O-O O-O 7. d3 d6 8. h3 Be6 9. Bb5 h6 10. Ne2 Qd7 11. c3 a6 12. Ba4 b5 13. Bc2 d5 14. Ng3 Rad8 15. Re1 Qc8 16. Qe2 d4 17. cxd4 Nxd4 18. Nxd4 Rxd4 19. f4 exf4 20. Bxf4 Rfd8 21. Be3 R4d7 22. Rf1 Nh7 23. Rab1 h5 24. Qf2 c5 25. Ne2 c4 26. d4 Re7 27. d5 Bd7 28. d6 Re6 29. Qxf7+ Kh8 30. Nf4 Rf8 31. Nxg6+ Rxg6 32. Qxg6 Be8 33. Rxf8+ Nxf8 34. Qf5 Qd8 35. e5 Bg6 36. Qf2 Bxe5 37. Bxg6 Nxg6 38. Rd1 Kg7 39. Qf5 Bxd6 40. Qxh5 Qe7 41. Bd4+ Be5 42. Bxe5+ Qxe5 43. Qxe5+ Nxe5 44. Rd6 Nd3 45. Rxa6 Nxb2 46. Rb6 c3 47. Rxb5 Nd3 48. Rb7+ Kf6 49. Rc7 Nc1 50. Kf1 Na2 51. h4 Kf5 52. g3 Kg4 53. Kg2 Kf5 54. h5 Kg5 55. Rc5+ Kg4 56. h6 Nc1 57. h7 Nd3 58. Rc4+ Kf5 59. h8=Q c2 60. Rxc2 Ne1+ 61. Kh3 Nxc2 62. Qh7+ Ke5 63. Qxc2 Kd5 64. a4 Kd4 65. a5 Ke3 66. a6 Kf3 67. a7 Ke3 68. a8=Q Kd4 69. Qae4# 1-0


[Site "https://www.chess.com"]

[Event "Titled Tuesday Blitz April 4 Early 2023"]
[White "Florescu, Codrut-Constantin"]
[Black "Rian, Kapriaga"]
[WhiteFideId "1202200"]
[BlackFideId "7103263"]
[WhiteElo "2191"]
[BlackElo "2355"]
[Result "1-0"]
[Round "05"]
[TimeControl "180+2"]
[Date "2023.04.04"]
[WhiteClock "0:01:28"]
[BlackClock "0:00:14"]

1. e4 c6 2. d4 d5 3. Nc3 dxe4 4. Nxe4 Bf5 5. Ng3 Bg6 6. Nf3 Nd7 7. h4 h6 8. Bd3 Bxd3 9. Qxd3 e6 10. Bd2 Ngf6 11. O-O-O Be7 12. Ne4 Qc7 13. Rhe1 O-O-O 14. g3 Nxe4 15. Qxe4 Kb8 16. Kb1 Ka8 17. Bf4 Bd6 18. Bxd6 Qxd6 19. Rd3 a6 20. Red1 Rhe8 21. Ne5 f6 22. Ng6 Qd5 23. Qe2 Qf5 24. h5 Qb5 25. R3d2 Qxe2 26. Rxe2 c5 27. Red2 c4 28. c3 Kb8 29. Re2 Kc7 30. Rde1 Kd6 31. f4 f5 32. Ne5 b5 33. Nf7+ Kc7 34. Nxd8 Kxd8 35. Rxe6 Rf8 36. Rxa6 Kc7 37. Re7 Kd8 38. Rxg7 Rf6 39. Rxd7+ 1-0


[Site "https://www.chess.com"]

[Event "Titled Tuesday Blitz April 4 Early 2023"]
[White "Ai, Evan"]
[Black "Kleiman, Jake"]
[WhiteFideId "2094770"]
[BlackFideId "2020041"]
[WhiteElo "1963"]
[BlackElo "2597"]
[Result "0-1"]
[Round "05"]
[TimeControl "180+2"]
[Date "2023.04.04"]
[WhiteClock "0:00:06"]
[BlackClock "0:00:19"]

1. e4 Nf6 2. e5 Nd5 3. d4 d6 4. c4 Nb6 5. exd6 exd6 6. Nc3 Be7 7. Bd3 O-O 8. Nge2 Nc6 9. O-O Bf6 10. Be3 Nb4 11. a3 Nxd3 12. Qxd3 Re8 13. Ng3 c6 14. Nce4 Be7 15. d5 cxd5 16. cxd5 Nd7 17. Bf4 Nf6 18. Nxf6+ Bxf6 19. Rae1 Rxe1 20. Rxe1 Bd7 21. Bxd6 Qb6 22. Ne4 Bxb2 23. Bc5 Qg6 24. Qb3 Be5 25. Qxb7 Rb8 26. Qxd7 Qxe4 27. Rf1 h5 28. d6 Rb1 29. Qe8+ Kh7 30. Qxf7 Rxf1+ 31. Kxf1 Qd3+ 32. Ke1 Bc3# 0-1


[Site "https://www.chess.com"]

[Event "Titled Tuesday Blitz April 4 Early 2023"]
[White "Skaric, Djuro"]
[Black "Kozin, Yuri"]
[WhiteFideId "934569"]
[BlackFideId "4129920"]
[WhiteElo "2282"]
[BlackElo "2576"]
[Result "1-0"]
[Round "05"]
[TimeControl "180+2"]
[Date "2023.04.04"]
[WhiteClock "0:01:10"]
[BlackClock "0:00:01"]

1. g3 d5 2. Bg2 Nf6 3. d3 Bf5 4. Nf3 e6 5. O-O h6 6. Nc3 Be7 7. h3 O-O 8. Bf4 c5 9. Ne5 Nc6 10. e4 Bh7 11. g4 Nxe5 12. Bxe5 d4 13. Ne2 Nd7 14. Bf4 e5 15. Bd2 Rc8 16. b3 b5 17. a4 a6 18. axb5 axb5 19. f4 c4 20. bxc4 bxc4 21. fxe5 cxd3 22. cxd3 Nxe5 23. Nf4 Bg5 24. Ba5 Qd6 25. Nd5 Be3+ 26. Kh1 Nc6 27. Be1 Bg6 28. Qf3 Ra8 29. Rd1 Ne5 30. Bg3 Nxf3 31. Bxd6 Rfd8 32. Ne7+ Kh7 33. Nxg6 Kxg6 34. Bxf3 Rxd6 35. e5 Rdd8 36. Be4+ Kg5 37. Bxa8 Rxa8 38. Rxf7 g6 39. e6 Re8 40. e7 Kh4 41. Kg2 Bg5 42. Re1 Be3 43. Kf3 h5 44. gxh5 gxh5 45. Ke4 Kxh3 46. Rh1+ Kg4 47. Rg7+ Bg5 48. Rg1+ 1-0


[Site "https://www.chess.com"]

[Event "Titled Tuesday Blitz April 4 Early 2023"]
[White "Han, Yichen"]
[Black "Gallegos Diaz, Carlos Alberto"]
[WhiteFideId "1054430"]
[BlackFideId "3900886"]
[WhiteElo "2342"]
[BlackElo "2362"]
[Result "0-1"]
[Round "05"]
[TimeControl "180+2"]
[Date "2023.04.04"]
[WhiteClock "0:00:17"]
[BlackClock "0:00:34"]

1. g3 d6 2. Bg2 Nf6 3. b4 e5 4. Bb2 Be7 5. c4 O-O 6. a4 Re8 7. a5 c6 8. d3 d5 9. b5 dxc4 10. dxc4 Qxd1+ 11. Kxd1 a6 12. Nc3 Be6 13. Ra4 Bc5 14. bxc6 Nxc6 15. e3 Rad8+ 16. Kc1 Nb4 17. Bxb7 Nd3+ 18. Kc2 Nxb2 19. Ra1 Nxc4 20. Nf3 Bf5+ 21. e4 Nd6 22. exf5 Nxb7 23. Rhb1 Nd6 24. Nd2 e4 25. Nb3 Bxf2 26. Rd1 Nxf5 27. Rf1 Ne3+ 0-1


[Site "https://www.chess.com"]

[Event "Titled Tuesday Blitz April 4 Early 2023"]
[White "Fiorito, Francisco"]
[Black "I_KID_you_not"]
[WhiteFideId "180165"]
[WhiteElo "2341"]
[BlackElo "2331"]
[Result "1-0"]
[Round "05"]
[TimeControl "180+2"]
[Date "2023.04.04"]
[WhiteClock "0:00:03"]
[BlackClock "0:00:02"]

1. d4 Nf6 2. Bf4 c5 3. e3 Nd5 4. dxc5 Nxf4 5. exf4 Qa5+ 6. c3 Qxc5 7. Nf3 g6 8. Bd3 Bg7 9. O-O O-O 10. Qe2 Nc6 11. Nbd2 d6 12. Ne4 Qb6 13. Ng3 e6 14. h4 Qc7 15. Rfe1 b6 16. h5 Ne7 17. hxg6 hxg6 18. Ng5 Nd5 19. Qg4 Bb7 20. Qh4 Rfe8 21. Rad1 Kf8 22. Be4 Rad8 23. Nh7+ Kg8 24. Kh2 Ne7 25. Nf6+ Bxf6 26. Qxf6 Nd5 27. Qg5 Ba8 28. Rh1 Qe7 29. Qh6 Qf8 30. Qh4 Qe7 31. Qh3 Nxf4 32. Qh6 Nd5 33. Kg1 Qf6 34. Nh5 gxh5 35. Qh7+ Kf8 36. Qxh5 Nf4 37. Qf3 Bxe4 38. Qxe4 Ke7 39. g3 Ng6 40. Kg2 Rd7 41. Rde1 Qe5 42. Qg4 Qd5+ 43. Kg1 Kd8 44. Rh7 Ne5 45. Qh4+ Kc7 46. Re3 Nf3+ 47. Rxf3 Qxf3 48. Qc4+ Qc6 49. Qf4 e5 50. Qf5 e4 51. Rxf7 Rxf7 52. Qxf7+ Qd7 53. Qc4+ Kb7 54. Qd4 e3 55. fxe3 Qf5 56. Qg7+ 1-0


[Site "https://www.chess.com"]

[Event "Titled Tuesday Blitz April 4 Early 2023"]
[White "Pajeken, Jakob Leon"]
[Black "Polanco Nunez, Yoel Estarling"]
[WhiteFideId "12942839"]
[BlackFideId "6401783"]
[WhiteElo "2414"]
[BlackElo "2132"]
[Result "1-0"]
[Round "05"]
[TimeControl "180+2"]
[Date "2023.04.04"]
[WhiteClock "0:00:39"]
[BlackClock "0:01:43"]

1. e3 d5 2. Nf3 c6 3. c4 Nf6 4. d4 e6 5. b3 Nbd7 6. Bb2 Be7 7. Nbd2 O-O 8. Bd3 b6 9. O-O Bb7 10. Qe2 c5 11. cxd5 Nxd5 12. a3 N7f6 13. Rfd1 Bd6 14. g3 cxd4 15. Bxd4 Ne7 16. e4 Nc6 17. Bb2 Bc7 18. e5 Nd7 19. Nc4 Qe7 20. h4 Rfd8 21. Nd6 Bxd6 22. exd6 Qf8 23. Bxh7+ Kxh7 24. Ng5+ Kg8 25. Qh5 1-0


[Site "https://www.chess.com"]

[Event "Titled Tuesday Blitz April 4 Early 2023"]
[White "Rangel, Daniel"]
[Black "Nery Junior, Jose Antonio"]
[WhiteFideId "2124475"]
[BlackFideId "2104822"]
[WhiteElo "2256"]
[BlackElo "2197"]
[Result "1/2-1/2"]
[Round "05"]
[TimeControl "180+2"]
[Date "2023.04.04"]
[WhiteClock "0:00:06"]
[BlackClock "0:00:03"]

1. c4 c5 2. e3 Nf6 3. b3 d5 4. cxd5 Nxd5 5. Bb2 Nc6 6. f4 a6 7. Nf3 Bg4 8. Be2 Ndb4 9. O-O Nd3 10. Bc3 Rc8 11. Na3 b5 12. Qb1 Bf5 13. Ne5 Ncxe5 14. fxe5 Be4 15. Bg4 e6 16. Rf4 Bg6 17. Nc2 Nxf4 18. exf4 Qh4 19. Bf3 Qxf4 20. Bb7 Rd8 21. Bc6+ Ke7 22. b4 Be4 23. Bxe4 Qxe4 24. bxc5 Rc8 25. Ne3 Qxb1+ 26. Rxb1 Kd7 27. d4 f6 28. Ng4 Be7 29. Rd1 h5 30. Ne3 g5 31. Bb4 Kc6 32. d5+ exd5 33. Nxd5 Bxc5+ 34. Bxc5 Kxc5 35. Nxf6 Rhd8 36. Re1 Kb6 37. e6 Re8 38. Nxe8 Rxe8 39. Re5 g4 40. Kf2 Kc6 41. Re2 Kd6 42. Kg3 Rxe6 43. Rd2+ Ke7 44. Kh4 Re5 45. Rc2 a5 46. g3 a4 47. Rc7+ Kd6 48. Ra7 Kc6 49. Rh7 b4 50. Ra7 Kb5 51. Rb7+ Kc4 52. Ra7 Kb5 53. Rb7+ Ka5 54. Ra7+ Kb5 1/2-1/2


[Site "https://www.chess.com"]